 Dungeon Crawl Stone Soup version 0.24-a0-333-g864f2b5 (webtiles) character file.

Game seed: 16666843788575901886

92 Hylith the Ruffian (level 4, -2/35 HPs)
             Began as a Draconian Transmuter on May 17, 2019.
             Was an Initiate of Makhleb.
             Slain by Natasha (7 damage)
             ... on level 2 of the Dungeon.
             The game lasted 00:03:04 (2378 turns).

Hylith the Ruffian (Draconian Transmuter)           Turns: 2378, Time: 00:03:04

Health: -2/35      AC:  5    Str: 12    XL:     4   Next: 35%
Magic:  7/7        EV: 12    Int: 15    God:    Makhleb [......]
Gold:   70         SH:  0    Dex: 11    Spells: 7/8 levels left

rFire    . . .     SeeInvis .     - Unarmed
rCold    . . .     Gourm    .   (no shield)
rNeg     . . .     Faith    .   (armour unavailable)
rPois    .         Spirit   .   (helmet restricted)
rElec    .         Reflect  .   (no cloak)
rCorr    .         Harm     .   (no gloves)
MR       .....                  (boots currently unavailable)
Stlth    +.........             h - amulet of rage
HPRegen  0.11/turn              b - ring of wizardry
MPRegen  0.10/turn              (no ring)

@: appendage (expiring)
A: unfitting armour, talons 3, cold-blooded, AC +5
a: End Transformation, Renounce Religion, Evoke Berserk Rage


You were on level 2 of the Dungeon.
You worshipped Makhleb.
Makhleb was noncommittal.
You were not hungry.
You had grown temporary talons.
You visited 1 branch of the dungeon, and saw 2 of its levels.

You collected 70 gold pieces.

Inventory:

Missiles
 a - 27 arrows
Jewellery
 b - a ring of wizardry (left hand)
 h - an amulet of rage (around neck)
Scrolls
 d - 2 scrolls of remove curse {unknown}
 e - 6 scrolls of identify {unknown}
 g - a scroll of magic mapping {unknown}
Potions
 f - a potion of lignification {unknown}
Comestibles
 c - 4 rations
 i - 3 chunks of flesh


   Skills:
 + Level 1.3 Fighting
 - Level 2.0 Dodging
 + Level 0.7 Stealth
 + Level 4.1 Unarmed Combat
 + Level 2.5 Spellcasting
 + Level 2.5 Transmutations


You had 7 spell levels left.
You knew the following spells:

 Your Spells              Type           Power        Failure   Level  Hunger
a - Beastly Appendage     Tmut           #.....       3%          1    #......

Your spell library contained the following spells:

 Spells                   Type           Power        Failure   Level  Hunger
 Sticks to Snakes         Tmut           #.......     4%          2    ###....
 Spider Form              Tmut/Pois      #.........   16%         3    ###....
 Ice Form                 Ice/Tmut       #.......     43%         4    #####..
 Blade Hands              Tmut           #.........   58%         5    ######.


Dungeon Overview and Level Annotations

Branches:
Dungeon (2/15)

Altars:
Makhleb
Vehumet

Annotations:
D:2 Natasha


Innate Abilities, Weirdness & Mutations

Your plain brown scales are hard. (AC +5)
You cannot fit into any form of body armour.
You are cold-blooded and may be slowed by cold attacks.
You have claws for feet.


Message History

Natasha misses you.
Unknown command.
You miss Natasha.
Natasha is severely wounded.
Your transformation is almost over.
The crimson imp barely misses you. Natasha barely misses you.
Unknown command.
You barely miss Natasha. Your kick misses Natasha.
Natasha is severely wounded.
The crimson imp closely misses you. Natasha misses you.
Unknown command.
You miss Natasha.
Your tail-slap misses Natasha.
Natasha is severely wounded.
The crimson imp blinks!
Unknown command.
You barely miss Natasha.
You tail-slap Natasha, but do no damage.
Natasha is severely wounded.
Natasha claws you!
You die...

#..........##........
#....#.#........####.
#..............## #.
#.....(......#...# ##
#>...(............
#.........####....
#.........# #.#.
#..h§.5...# .#
####@.###.# # #..##
..# #.## #..# ##.# ..
#..# #.## #.# #.# #.#


You could see Natasha and a crimson imp.

Vanquished Creatures
  Jessica (D:2)
  Natasha (D:2)
  An adder (D:2)
  2 worms (D:2)
  2 dart slugs
  3 bats (D:2)
  3 goblins (D:2)
  2 hobgoblins
  A ball python (D:2)
  A frilled lizard (D:1)
  5 kobolds
  3 rats
25 creatures vanquished.

Notes
Turn   | Place    | Note
-------+----------+-------------------------------------------
     0 | D:1      | Hylith the Draconian Transmuter began the quest for the
                  | Orb.
     0 | D:1      | Reached XP level 1. HP: 16/16 MP: 3/3
  1153 | D:2      | Noticed Natasha
  1326 | D:2      | Reached XP level 2. HP: 16/23 MP: 3/5
  1562 | D:2      | Found a burning altar of Makhleb.
  1579 | D:2      | Became a worshipper of Makhleb the Destroyer
  1651 | D:2      | Noticed Jessica
  1664 | D:2      | Killed Jessica
  1664 | D:2      | Reached XP level 3. HP: 13/28 MP: 4/6
  2151 | D:2      | Killed Natasha
  2151 | D:2      | Reached skill level 4 in Unarmed Combat
  2151 | D:2      | Reached XP level 4. HP: 23/35 MP: 7/7
  2330 | D:2      | Found a radiant altar of Vehumet.
  2361 | D:2      | Noticed Natasha
  2378 | D:2      | Slain by Natasha

Levels and vault maps discovered:
D:1:      saegor_arrival_simple_d, layout_basic
D:2:      layout_rooms, lemuel_doored_altar, lemuel_coloured_pillars_altar,
          uniq_natasha, uniq_jessica

Skill      XL: |  1  2  3 |
---------------+----------+-----
Dodging        | 2 |  2.0
Unarmed Combat | 4 |  4.1
Fighting       | |  1.3
Stealth        | |  0.7
Spellcasting   | |  2.5
Transmutations | |  2.5

Action                   |  1- 3 |  4- 6 || total
-------------------------+-------+-------++-------
Melee: Unarmed           |    95 |    42 ||   137
       Tailslap          |    10 |     1 ||    11
       Headbutt          |     6 |       ||     6
       Kick              |     5 |     3 ||     8
       Punch             |     1 |       ||     1
 Cast: Beastly Appendage |     8 |     2 ||    10
 Stab: Sleeping          |       |     1 ||     1
  Eat: Chunk             |     3 |     2 ||     5
Armor: Skin              |    13 |    15 ||    28
Dodge: Dodged            |    49 |    37 ||    86

Table legend:
 A = Non-vault XP
 B = Vault XP
 C = Vault XP percentage of total XP
 D = Non-vault monster count
 E = Vault monster count
 F = Vault count percentage of total count
                 A         B        C        D         E       F
            +---------+---------+-------+---------+---------+-------
      Total |      59 |      73 |  55.3 |      23 |       2 |   8.0
            +---------+---------+-------+---------+---------+-------
        D:1 |      11 |       0 |   0.0 |       7 |       0 |   0.0
        D:2 |      48 |      73 |  60.3 |      16 |       2 |  11.1
            +---------+---------+-------+---------+---------+-------
